 Dungeon Crawl Stone Soup version 0.28-a0-268-g3f656e82c2 (webtiles) character file.

Game seed: 1557255620471441798

100495 sanka the Severer (level 15, -19/119 HPs)
             Began as a Palentonga Abyssal Knight on Aug 28, 2021.
             Was the Champion of Lugonu.
             Demolished by Donald (31 damage)
             ... on level 2 of the Orcish Mines on Aug 29, 2021.
             The game lasted 01:07:13 (22404 turns).

sanka the Severer (Palentonga Abyssal Knight)      Turns: 22404, Time: 01:07:13

Health: -19/119    AC: 18    Str: 19    XL:     15   Next: 80%
Magic:  18/22      EV: 15    Int: 13    God:    Lugonu [******]
Gold:   1283       SH:  9    Dex: 22    Spells: 14/18 levels left

rFire   + . .      SeeInvis +   a - +6 broad axe (distort)
rCold   + + .      Faith    .   d - +2 buckler {rC+}
rNeg    . . .      Spirit   .   c - +2 leather armour {rC+ rF+}
rPois   .          Reflect  .   L - +0 helmet of Too Many Cooks {Dex+4 Slay+3}
rElec   .          Harm     .   z - +0 cloak
rCorr   +          Rampage  .   f - +0 pair of gloves
Will    +....                   (no barding)
Stlth   ++........              e - amulet of regeneration
HPRegen 1.29/turn               P - ring of resist corrosion
MPRegen 0.18/turn               V - +6 ring of dexterity

@: curled up
A: large, rugged brown scales 3, see invisible, deformed body, roll 1, armoured
tail, reflexive curl
a: Rolling Charge, Renounce Religion, Depart the Abyss, Bend Space, Banish,
Corrupt, Enter the Abyss


You were on level 2 of the Orcish Mines.
You worshipped Lugonu.
Lugonu was exalted by your worship.
You visited 3 branches of the dungeon, and saw 19 of its levels.
You visited the Abyss 1 time.
You also visited: Bailey and Ice Cave.

You collected 2095 gold pieces.
You spent 812 gold pieces at shops.


Innate Abilities, Weirdness & Mutations

You are completely covered in rugged brown scales. (AC +3, +7% HP)
You have supernaturally acute eyesight. (SInv)
Armour fits poorly on your strangely shaped body.
You can roll at nearby foes to attack.
You have a long armoured tail.
You curl defensively after being hit.


   Skills:
 - Level 8.8 Fighting
 + Level 16.6 Axes
 - Level 8.0 Armour
 - Level 8.0 Dodging
 + Level 6.6 Shields
 - Level 2.0 Spellcasting
 - Level 8.0 Ice Magic
 + Level 10.1 Invocations


You had 14 spell levels left.
You knew the following spells:

 Your Spells              Type           Power      Damage    Failure   Level
y - Frozen Ramparts       Ice            44%        1d6       3%          3
z - Freeze                Ice            88%        1d10      1%          1

Your spell library contained the following spells:

 Spells                   Type           Power      Damage    Failure   Level
 Ensorcelled Hibernation  Hex/Ice        22%        N/A       9%          2
 Corona                   Hex            1%         N/A       28%         1
 Blink                    Tloc           N/A        N/A       41%         2
 Corpse Rot               Necr/Air       N/A        N/A       41%         2
 Poisonous Vapours        Pois/Air       2%         N/A       41%         2
 Slow                     Hex            1%         N/A       41%         2
 Hailstorm                Conj/Ice       11%        3d5       50%         4
 Confusing Touch          Hex            1%         N/A       65%         3
 Conjure Flame            Conj/Fire      1%         6-21      65%         3
 Dazzling Flash           Conj/Hex       2%         N/A       65%         3
 Gell's Gravitas          Tloc           0%         N/A       65%         3
 Ignite Poison            Fire/Tmut/Pois 1%         N/A       65%         3
 Lesser Beckoning         Tloc           0%         N/A       65%         3
 Mephitic Cloud           Conj/Pois/Air  1%         N/A       65%         3
 Teleport Other           Tloc           1%         N/A       65%         3
 Tukima's Dance           Hex            1%         N/A       65%         3
 Vampiric Draining        Necr           0%         2d6       65%         3
 Metabolic Englaciation   Hex/Ice        5%         N/A       83%         5
 Freezing Cloud           Conj/Ice/Air   4%         6-21      95%         5
 Animate Dead             Necr           0%         N/A       96%         4
 Iskenderun's Mystic Bla  Conj/Tloc      1%         2d3       96%         4
 Petrify                  Tmut/Erth      1%         N/A       96%         4
 Bolt of Magma            Conj/Fire/Erth 0%         4d4       100%        5
 Borgnjor's Vile Clutch   Necr/Erth      0%         N/A       100%        5
 Fireball                 Conj/Fire      0%         3d3       100%        5
 Iskenderun's Battlesphe  Conj           1%         2d6       100%        5
 Manifold Assault         Tloc           1%         N/A       100%        5
 Conjure Ball Lightning   Conj/Air       0%         3x3d6     100%        6
 Death Channel            Necr           0%         N/A       100%        6
 Dispersal                Tloc           0%         N/A       100%        6
 Simulacrum               Ice/Necr       5%         N/A       100%        6
 Starburst                Conj/Fire      0%         6d3       100%        6
 Statue Form              Tmut/Erth      0%         N/A       100%        6
 Orb of Destruction       Conj           0%         N/A       100%        7
 Disjunction              Tloc           0%         N/A       100%        8
 Maxwell's Capacitive Co  Air            0%         ∞         100%        8
 Polar Vortex             Ice            11%        N/A       100%        9

Inventory:

Hand Weapons
 a - a +6 broad axe of distortion (weapon)
Missiles
 Q - 6 curare-tipped darts {=f}
Armour
 c - a +2 leather armour of resistance (worn)
 d - a +2 buckler of cold resistance (worn)
 f - a +0 pair of gloves (worn)
 z - a +0 cloak (worn)
 B - a +3 ring mail of cold resistance
 L - the +0 helmet of Too Many Cooks (worn) {Dex+4 Slay+3}

   Dex:       It affects your dexterity (+4).
   Slay:      It affects your accuracy & damage with ranged weapons and melee
   (+3).
 M - a +0 kite shield
 X - a +1 tower shield of cold resistance
Magical Staves
 b - a staff of cold
Jewellery
 e - an amulet of regeneration (around neck)
 l - a +6 ring of intelligence
 E - a ring of protection from fire
 N - a ring of flight
 P - a ring of resist corrosion (left hand)
 T - a ring of protection from cold
 V - a +6 ring of dexterity (right hand)
Wands
 q - a wand of charming (24)
 u - a wand of mindburst (1)
 D - a wand of paralysis (6)
 O - a wand of polymorph (6)
 R - a wand of iceblast (34)
 S - a wand of acid (17)
Scrolls
 h - 2 scrolls of summoning {unknown}
 m - 2 scrolls of magic mapping
 o - a scroll of holy word {unknown}
 t - 5 scrolls of enchant weapon {unknown}
 y - 4 scrolls of fog
 C - 3 scrolls of enchant armour
 F - 4 scrolls of fear
 G - 4 scrolls of vulnerability {!r}
 H - 7 scrolls of teleportation {@r4}
 U - a scroll of blinking {unknown}
 W - a scroll of acquirement {unknown}
Potions
 g - 8 potions of brilliance {unknown}
 i - 2 potions of ambrosia {unknown}
 j - 5 potions of berserk rage {unknown}
 k - 3 potions of might {unknown}
 n - 3 potions of flight {unknown}
 p - 2 potions of magic {unknown}
 r - 7 potions of heal wounds {@q2}
 s - 6 potions of invisibility {unknown}
 v - a potion of mutation {unknown}
 w - a potion of cancellation {unknown}
 x - 2 potions of attraction {!q}
 A - 4 potions of haste {@q3}
 I - 4 potions of curing {unknown}
 J - 2 potions of lignification {unknown}
 K - 3 potions of resistance {unknown}
Miscellaneous
 Y - a phantom mirror

Dungeon Overview and Level Annotations

Branches:
Dungeon (11/15)            Temple (0/1) D:5            Lair (6/6) D:11
 Shoals (0/4) Lair:4       Spider (0/4) Lair:2          Orc (2/2) D:10
    Elf (0/3) Orc:2        Bailey (visited)           IceCv (visited)
  Slime: Lair:5-6

Altars:
Elyvilon
Fedhas
Kikubaaqudgha
Makhleb
Qazlal
Sif Muna
Zin
Jiyva
Lugonu

Shops:
D:1 *   D:2 [   D:7 *   D:8 [[(=:   D:9 [(   Orc:2 [*=!

Portals:
Abyss: Lair:1
Pandemonium: Orc:2

Annotations:
Lair:1 3 runed translucent doors, NigelTetley's ghost, journeyman DECj
Lair:2 3 runed translucent doors, Tungsten's ghost, journeyman DrIE
Orc:2 Donald
Abyss:1 Erica; Grinder; Jorgrun; MoonlitKnight's ghost, novice HOFi

............▒▒▒...▒▒.)▒.▒..
.............▒▒▒...▒▒.....▒
..........▒▒..▒▒▒...▒▒)).▒▒
..........▒▒▒..▒▒▒...▒▒.▒▒.
...........▒▒▒..▒▒▒...▒▒▒..
............▒▒▒..▒▒....▒...
............▒▒▒..▒.▒.....▒
......▒....▒ ▒▒........).
.......▒H▒▒▒ ▒▒...▒(▒)▒.
.......@.▒ ▒▒.....[..
▒.........▒ ▒▒..▒.▒..
...........▒ ▒▒.....▒
▒▒▒▒▒▒▒...▒▒ ▒▒∩.∩▒▒ .....
▒▒.▒▒ ....▒▒ ▒▒▒ ..▒▒▒▒ ≈.


You could see Donald (fast, strong).


Message History

You block Donald's attack.
You hit Donald. Donald blocks your attack.
Donald is severely wounded.
Donald says, "I hate this place."
Donald completely misses you.
You completely miss Donald.
Donald is severely wounded.
Donald hits you with a +0 eveningstar!!
* * * LOW HITPOINT WARNING * * *
Donald hits you with a +0 eveningstar!!
* * * LOW HITPOINT WARNING * * *
Unknown command.
You block Donald's attack. You block Donald's attack.
You barely miss Donald.
Your tail-slap misses Donald.
Donald is severely wounded.
Donald says, "I never knew blinking was supposed to hurt."
Donald hits you with a +0 eveningstar!
* * * LOW HITPOINT WARNING * * *
Donald casts a spell.
Donald seems to grow stronger.
You see here a +0 giant spiked club.
Use which ability? (? or * to list)
Aim: Donald, wielding a +0 eveningstar, wearing a +2 chain mail of cold resistance and wearing a +0 kite shield (severely wounded, fast, strong, chance to affect: 24%) Donald resists with almost no effort.
Donald ponders, "They're ugly as hell, too!"
Donald hits you with a +0 eveningstar!!
You die...

Action                   |  1- 3 |  4- 6 |  7- 9 | 10-12 | 13-15 || total
-------------------------+-------+-------+-------+-------+-------++-------
Melee: Hand axe          |   132 |    81 |    59 |       |       ||   272
       Tailslap          |     7 |    18 |    43 |    73 |   156 ||   297
       Short sword       |       |    97 |   191 |       |       ||   288
       War axe           |       |       |    58 |   336 |       ||   394
       Dagger            |       |       |     3 |       |       ||     3
       Battleaxe         |       |       |       |       |   210 ||   210
       Broad axe         |       |       |       |       |   558 ||   558
 Cast: Freeze            |     4 |    23 |    11 |     3 |     7 ||    48
       Frozen Ramparts   |       |     3 |    23 |    41 |    40 ||   107
Invok: Depart the Abyss  |     1 |       |       |       |       ||     1
       Banish            |       |       |    12 |     4 |     9 ||    25
       Brand Weapon With |       |       |       |       |     1 ||     1
 Abil: Rolling Charge    |     8 |       |       |     2 |    26 ||    36
Evoke: Wand              |       |       |     2 |     3 |     4 ||     9
  Use: Scroll            |       |       |     6 |       |     4 ||    10
       Potion            |       |       |     1 |     2 |     3 ||     6
 Stab: Paralysed         |       |       |     1 |       |     2 ||     3
Armor: Leather armour    |    85 |    73 |       |       |    53 ||   211
       Ring mail         |       |     2 |   199 |   241 |   238 ||   680
Dodge: Dodged            |    84 |   107 |   186 |   268 |   451 ||  1096
Block: Buckler           |       |       |       |       |   106 ||   106

Levels and vault maps discovered:
D:1:      ldierk_water_garden, layout_loops_ring, serial_shops, shop_statue,
          hangedman_decor_clover_reticule
D:2:      layout_basic, serial_shops, nicolae_shop_waterfront
D:3:      layout_loops_cross, minmay_goblin_kobold_house
D:4:      minmay_bubble_buster, layout_loops_corners, elyvilon_altar_5,
          mainiacjoe_overflow_chevrons, amcnicky_mini_pool_small
D:5:      layout_basic, minmay_temple_entry_offerings,
          minmay_a_box_with_orc_wizards_in_it
D:6:      minmay_goblin_kobold_castle, layout_loops_ring,
          fedhas_bush_and_centaur_altar, hangedman_decor_opposing,
          dk_vineyard_1, uniq_grinder
D:7:      layout_loops_ring, amcnicky_altar_gilded,
          chequers_serial_rivers_small_b, hangedman_abyss_or_decor_passed,
          minmay_shop_damaged
D:8:      layout_basic, lemuel_blue_sif_altar, serial_shops, shop, shop,
          nicolae_shop_temple_entry_statues_fountains, shop, shop, uniq_erica
D:9:      layout_cave_pools, lemuel_round_altar, gammafunk_ghost_ooze,
          serial_shops, shop, kennysheep_mini_moat, serial_gnoll_camp,
          gnoll_camp_mini_doghouse, gnoll_camp_mini_hut, gnoll_camp_mini_house,
          gnoll_camp_mini_hut, gnoll_camp_mini_house
D:10:     layout_grid_maze, david_orc_2, enter_bailey_4, kennysheep_nub,
          amcnicky_mini_corridor_feature, billiards_dpeg
D:11:     layout_basic, dpeg_lair_monsters, kennysheep_generic_room_6
Lair:1:   layout_loops_ring, maelrawn_ghost_gauntlet_escape,
          amcnicky_altar_lugonu_corruption, grunt_megastairs_5,
          serial_bayou_shore_b, infiniplex_staircase_pool, uniq_urug
Lair:2:   layout_gridlike, spider_nest_entry_web_field,
          gammafunk_ghost_hydra_chop, eino_small_chamber_without_monster
Lair:3:   layout_misc_corridors
Lair:4:   layout_gridlike, minmay_shoals_entry_beasts, lemuel_centaur_altar,
          uniq_sonja
Lair:5:   layout_cave_pods, slime_altar_2, portal_ice_cave_entry_ice_simulacra,
          serial_bayou_lagoon_a
Lair:6:   grunt_lair_end_beastmaster, layout_cellular_growth
Orc:1:    layout_caves, uniq_jorgrun
Orc:2:    pf_orc_diabolical, layout_caves, serial_shops, nicolae_shop_trees,
          mines_bat_river, uniq_donald

Notes
Turn   | Place    | Note
-------+----------+-------------------------------------------
     0 | Abyss:1  | sanka the Palentonga Abyssal Knight began the quest for the
                  | Orb.
     0 | Abyss:1  | Reached XP level 1. HP: 19/19 MP: 2/2
    44 | Abyss:1  | Noticed a shadow
    53 | Abyss:1  | Noticed an iron imp
    56 | D:1      | Escaped the Abyss
   248 | D:1      | Reached XP level 2. HP: 24/25 MP: 4/4
   261 | D:1      | Reached skill level 3 in Invocations
   376 | D:1      | Reached * piety under Lugonu
   425 | D:1      | Found Nisyx's Assorted Antiques.
   775 | D:1      | Reached XP level 3. HP: 31/31 MP: 5/5
   927 | D:2      | Found Tesha's Antique Armour Emporium.
   984 | D:2      | Reached skill level 4 in Invocations
  1301 | D:2      | Learned a level 1 spell: Freeze
  1636 | D:2      | Reached XP level 4. HP: 37/37 MP: 7/7
  1675 | D:2      | Reached ** piety under Lugonu
  1691 | D:3      | Reached skill level 1 in Spellcasting
  1746 | D:3      | Reached skill level 1 in Ice Magic
  2111 | D:3      | Reached skill level 2 in Spellcasting
  2111 | D:3      | Reached skill level 2 in Ice Magic
  2111 | D:3      | Reached XP level 5. HP: 34/43 MP: 8/8
  2499 | D:4      | Found a white marble altar of Elyvilon.
  2832 | D:4      | Noticed a phantom
  3013 | D:4      | Learned a level 3 spell: Frozen Ramparts
  3120 | D:4      | Noticed an ogre
  3245 | D:4      | Reached skill level 3 in Ice Magic
  3357 | D:4      | Reached XP level 6. HP: 45/50 MP: 9/9
  3360 | D:4      | Reached *** piety under Lugonu
  3639 | D:4      | Found a stormy altar of Qazlal.
  3774 | D:4      | Reached skill level 4 in Ice Magic
  3943 | D:5      | Entered Level 5 of the Dungeon
  3996 | D:5      | Reached skill level 5 in Invocations
  4111 | D:5      | Gained mutation: You curl defensively after being hit.
                  | [Palentonga growth]
  4111 | D:5      | Reached XP level 7. HP: 50/55 MP: 10/10
  4426 | D:5      | Reached skill level 6 in Invocations
  4431 | D:5      | Reached skill level 5 in Ice Magic
  4633 | D:5      | Reached XP level 8. HP: 62/62 MP: 8/13
  4824 | D:5      | Found a staircase to the Ecumenical Temple.
  4832 | D:5      | Got the Handbook of Burning Lightness
  4932 | D:5      | Reached skill level 7 in Invocations
  5159 | D:6      | Found a blossoming altar of Fedhas.
  5430 | D:6      | Reached skill level 6 in Ice Magic
  5537 | D:6      | Noticed Grinder
  5547 | D:6      | Banished Grinder
  5548 | D:6      | Reached skill level 8 in Invocations
  5641 | D:6      | Reached skill level 7 in Ice Magic
  5782 | D:6      | Reached XP level 9. HP: 63/67 MP: 3/15
  6321 | D:6      | Reached skill level 8 in Ice Magic
  6438 | D:6      | Reached **** piety under Lugonu
  6446 | D:6      | Reached skill level 1 in Dodging
  6817 | D:6      | HP: 5/67 [electric eel/bolt of electricity (10)]
  7156 | D:2      | Bought a spiked helmet for 180 gold pieces
  7156 | D:2      | Identified the +0 helmet of Too Many Cooks {Dex+4 Slay+3}
                  | (You bought it in a shop on level 2 of the Dungeon)
  7240 | D:6      | Reached skill level 2 in Armour
  7493 | D:7      | Reached skill level 2 in Dodging
  7516 | D:7      | Reached skill level 4 in Fighting
  7664 | D:7      | Found Lokinu's Lightly-Used Armoury.
  7713 | D:7      | Identified the +0 pair of gloves of Dieluqud {rPois rF-
                  | Stlth+}
  7857 | D:7      | Reached skill level 3 in Armour
  7864 | D:7      | Found an ancient bone altar of Kikubaaqudgha.
  8000 | D:7      | Identified the +0 scale mail "Keod Miwn" {Harm Str+6}
  8536 | D:8      | Noticed Erica
  8541 | D:8      | Banished Erica
  8542 | D:8      | Reached skill level 5 in Fighting
  8542 | D:8      | Reached skill level 3 in Dodging
  8544 | D:8      | Reached skill level 4 in Armour
  8607 | D:8      | Found Guequomn's Book Shop.
  8756 | D:8      | Reached XP level 10. HP: 43/79 MP: 13/16
  8933 | D:8      | Reached skill level 4 in Dodging
  8948 | D:8      | Reached skill level 6 in Fighting
  9107 | D:8      | Found Yruimpap's Armour Boutique.
  9160 | D:8      | Found Anoico Vacsy's Jewellery Emporium.
  9261 | D:8      | Found Saniod's Antique Weapon Boutique.
  9293 | D:8      | Found Udufys's Armour Shop.
  9322 | D:8      | Noticed a two-headed ogre
  9325 | D:8      | Banished a two-headed ogre
  9326 | D:8      | Reached skill level 5 in Armour
  9458 | D:8      | Identified the +5 great mace of Javuam {flame, rPois rF+
                  | Stlth+}
  9506 | D:8      | Found a shimmering blue altar of Sif Muna.
  9537 | D:9      | Found a runed translucent gate.
  9538 | D:9      | Found a runed translucent gate.
  9539 | D:9      | Found a runed translucent gate.
  9562 | D:9      | Reached skill level 5 in Dodging
  9568 | D:9      | Reached skill level 7 in Fighting
  9595 | D:9      | Noticed a two-headed ogre
  9681 | D:9      | Found Opuupade's Antique Armour Shoppe.
  9698 | D:9      | Found a burning altar of Makhleb.
 10000 | D:9      | Reached skill level 6 in Armour
 10002 | D:9      | Killed a two-headed ogre
 10003 | D:9      | Reached XP level 11. HP: 43/90 MP: 14/17
 10197 | D:9      | Found Wutig's Antique Weapon Shoppe.
 10200 | D:9      | Bought a runed lajatang for 414 gold pieces
 10375 | D:9      | Reached skill level 6 in Dodging
 10591 | D:9      | Noticed MoonlitKnight's ghost (novice HOFi)
 10592 | D:9      | Found a viscous altar of Jiyva.
 10623 | D:10     | Entered Level 10 of the Dungeon
 10638 | D:10     | Found a flagged portal.
 10656 | Bailey   | Entered a bailey
 10749 | Bailey   | Reached ***** piety under Lugonu
 11152 | D:10     | Found a staircase to the Orcish Mines.
 11164 | D:10     | Identified the +0 ring mail of Kumad {+Inv rElec}
 11516 | D:10     | Reached skill level 8 in Fighting
 11709 | D:10     | Noticed a two-headed ogre
 11718 | D:10     | Killed a two-headed ogre
 12047 | D:9      | Banished MoonlitKnight's ghost
 12048 | D:9      | Reached skill level 7 in Armour
 12310 | D:11     | Noticed a death yak
 12337 | D:11     | Killed a death yak
 12338 | D:11     | Reached skill level 7 in Dodging
 12742 | D:11     | Noticed a death yak
 12743 | D:11     | Noticed a death yak
 12772 | D:11     | Killed a death yak
 12773 | D:11     | Reached skill level 8 in Armour
 12778 | D:11     | Killed a death yak
 12779 | D:11     | Reached skill level 8 in Dodging
 12899 | D:11     | Found a staircase to the Lair.
 13456 | D:9      | Bought a runed battleaxe for 218 gold pieces
 13460 | D:9      | Reached skill level 8 in Axes
 13460 | D:9      | Reached XP level 12. HP: 100/100 MP: 18/18
 13461 | D:9      | Reached skill level 11 in Axes
 13461 | D:9      | Reached XP level 13. HP: 107/107 MP: 19/19
 13508 | Lair:1   | Entered Level 1 of the Lair of Beasts
 13509 | Lair:1   | Noticed Urug
 13529 | Lair:1   | Killed Urug
 13530 | Lair:1   | Reached XP level 14. HP: 71/113 MP: 15/20
 13825 | Lair:1   | Found a corrupted altar of Lugonu.
 13828 | Lair:1   | Found a one-way gate to the infinite horrors of the Abyss.
 14138 | Lair:1   | Noticed NigelTetley's ghost (journeyman DECj)
 14159 | Lair:1   | Found a runed translucent gate.
 14159 | Lair:1   | Found a runed translucent gate.
 14159 | Lair:1   | Found a runed translucent gate.
 14693 | Lair:2   | Reached skill level 12 in Axes
 14820 | Lair:2   | Found a runed translucent gate.
 14820 | Lair:2   | Found a runed translucent gate.
 14820 | Lair:2   | Found a runed translucent gate.
 14822 | Lair:2   | Noticed Tungsten's ghost (journeyman DrIE)
 15221 | Lair:2   | Found a hole to the Spider Nest.
 15827 | Lair:3   | Reached skill level 13 in Axes
 15937 | Lair:3   | Identified +0 steam dragon scales
 16024 | Lair:3   | Identified the +2 robe of Zozup {Rampage}
 16460 | Lair:4   | Noticed Sonja
 16467 | Lair:4   | Killed Sonja
 16837 | Lair:4   | Found a staircase to the Shoals.
 16905 | Lair:4   | Found a glowing silver altar of Zin.
 16984 | Lair:4   | Reached skill level 14 in Axes
 17329 | Lair:5   | Found a frozen archway.
 17373 | IceCv    | Entered an ice cave
 17747 | IceCv    | Identified a +2 leather armour of resistance
 18146 | IceCv    | Found an ancient bone altar of Kikubaaqudgha.
 18581 | IceCv    | Reached skill level 15 in Axes
 19222 | Lair:5   | Reached skill level 1 in Shields
 19284 | Lair:6   | Entered Level 6 of the Lair of Beasts
 19320 | Lair:6   | Reached skill level 2 in Shields
 19323 | Lair:6   | Reached ****** piety under Lugonu
 19324 | Lair:6   | Identified a +6 broad axe of distortion (a +4 broad axe
                  | corrupted by Lugonu)
 19324 | Lair:6   | Received a gift from Lugonu
 19526 | Lair:6   | Reached skill level 3 in Shields
 19531 | Lair:6   | Reached XP level 15. HP: 103/119 MP: 16/21
 19620 | Lair:6   | Reached skill level 4 in Shields
 19647 | Lair:6   | Identified the +6 hand axe of Conscience {holy, +Blink
                  | Str+4 Int-4}
 19942 | Lair:6   | Reached skill level 16 in Axes
 19947 | Lair:6   | Reached skill level 5 in Shields
 20748 | Orc:1    | Entered Level 1 of the Orcish Mines
 20902 | Orc:1    | Noticed Jorgrun
 20924 | Orc:1    | Banished Jorgrun
 20925 | Orc:1    | Reached skill level 9 in Invocations
 21141 | Orc:2    | Entered Level 2 of the Orcish Mines
 21243 | Orc:2    | Found a staircase to the Elven Halls.
 21323 | Orc:2    | Found Xashram's Distillery.
 21449 | Orc:2    | Found Jona's General Store.
 21583 | Orc:2    | Reached skill level 6 in Shields
 21790 | Orc:2    | Paralysed by an orc sorcerer for 4 turns
 22261 | Orc:2    | Reached skill level 10 in Invocations
 22277 | Orc:2    | Found Wiylouge's Antique Armour Emporium.
 22277 | Orc:2    | Found Savusaze's Jewellery Shoppe.
 22278 | Orc:2    | Found a one-way gate leading to the halls of Pandemonium.
 22386 | Orc:2    | Noticed Donald
 22400 | Orc:2    | HP: 7/119 [Donald (34)]
 22404 | Orc:2    | Demolished by Donald

Vanquished Creatures
  A hydra (Lair:6)
  A catoblepas (Lair:6)
  A boulder beetle (Lair:6)
  2 two-headed ogres
  14 death yaks
  5 orc high priests (Orc:2)
  A deep troll shaman (Lair:6)
  Urug (Lair:1)
  Sonja (Lair:4)
  A gelid demonspawn (Orc:1)
  2 torturous demonspawn (Orc:2)
  A lindwurm (Lair:6)
  2 orc knights (Orc:2)
  A necromancer (IceCv)
  5 orc sorcerers (Orc:2)
  A cyclops (Orc:2)
  A manticore (Lair:4)
  An ice statue (IceCv)
  7 black mambas
  7 elephants
  A torpor snail (Lair:2)
  2 rust devils (Orc:2)
  12 cane toads
  A kobold demonologist (D:11)
  7 komodo dragons
  An anaconda simulacrum (IceCv)
  4 rime drakes
  3 freezing wraiths (IceCv)
  2 hellwings (Orc:2)
  2 entropy weaver simulacra (IceCv)
  12 ice devils (IceCv)
  A wind drake (Lair:4)
  A troll (D:9)
  3 polar bears
  8 blink frogs
  2 shadows
  25 yaks
  A ynoxinul (Orc:2)
  3 dire elephant simulacra (IceCv)
  2 wyverns
  A steam dragon (Lair:3)
  2 death yak simulacra
  2 harpy simulacra (IceCv)
  2 acid dragons
  8 water moccasins
  24 orc warriors
  5 ice beasts
  A hornet zombie (D:7)
  A sky beast (D:5)
  4 black bears
  17 wolves
  9 ogres
  12 centaurs
  A kobold brigand (D:11)
  9 bullfrogs
  3 gnoll sergeants (D:9)
  A wyvern zombie (D:9)
  6 cane toad simulacra (IceCv)
  4 scorpions
  4 elephant simulacra
  9 wights
  2 electric eels
  3 howler monkeys
  A bullfrog zombie (D:7)
  4 centaur zombies
  A bullfrog skeleton (D:5)
  5 hounds
  18 orc priests
  A centaur skeleton (D:7)
  4 jellies (D:9)
  3 gnoll shamans
  5 iguanas
  17 orc wizards
  6 polar bear simulacra
  A hell rat (D:11)
  2 spriggan simulacra (IceCv)
  A troll simulacrum (IceCv)
  6 wolf simulacra (IceCv)
  A hound zombie (D:5)
  A hound skeleton (D:4)
  6 adders
  28 gnolls
  A naga simulacrum (IceCv)
  2 river rats (D:11)
  2 white imps
  3 ufetubi
  An adder skeleton (D:4)
  2 worms
  A dart slug (D:3)
  65 orcs
  7 endoplasms
  5 giant cockroaches
  36 goblins
  42 hobgoblins
  A jackal (D:9)
  6 quokkas
  9 ball pythons
  10 bats
  2 frilled lizards
  A jackal skeleton (D:4)
  24 kobolds
  9 rats
  2 lurking horrors (Lair:1)
  A toadstool (D:1)
622 creatures vanquished.

Vanquished Creatures (others)
  A centaur (D:11)
  An orc priest (Orc:2)
  A goblin (D:6)
  A hobgoblin (D:6)
  8 fungi
  25 plants
  3 toadstools (D:1)
40 creatures vanquished.

Grand Total: 662 creatures vanquished
